AoeStats
← KaLong

Fortress

507426258Analyzed
4v4 RM · 15d ago on Sep 18, 2026· 28m 51s· 8 players
Game mode
Random Map
Map size
Huge
Population
200
Speed
Normal
Resources
Standard
Victory
Conquest
Starting age
Dark Age
Ending age
Imperial Age
RankedLock teamsTeams togetherTeam positionsShared explorationLock speedFull tech treeHidden civsTurbo modeCheats
Victory
Defeat
🇫🇮 Vietnamese · Finland
1834
+7
🇲🇽 Lithuanians · Mexico
1665
+12
🇲🇽 Bohemians · Mexico
1545
+17
🇲🇽 Mongols · Mexico
1543
+17
🇺🇸 Spanish · United States
1740
-20
🇺🇸 Wei · United States
1615
-14
🇺🇸 Turks · United States
1489
-10
🇺🇸 Mongols · United States
1473
-9
[KT] QIN
9:14 Feudal Age
10:57 Loom
13:27 Castle Age
11:23 Double-Bit Axe
11:22 Horse Collar
14:46 Bow Saw
15:17 Wheelbarrow
14:27 Town Watch
20:17 Heavy Plow
22:26 Hand Cart
26:24 Imperial Age
25:00 Chemistry
24:59 Wagenburg Tactics
25:26 Fletching
25:59 Ballistics
25:20 Treadmill Crane
25:50 Masonry
26:41 Elite Hussite Wagon
27:45 Conscription
30:05 Two-Man Saw
29:50 Architecture
[KT]MonkeY
7:26 Feudal Age
11:54 Castle Age
9:45 Double-Bit Axe
10:33 Horse Collar
10:53 Gold Mining
14:26 Bow Saw
18:46 Sanctity
19:41 Loom
21:04 Scale Barding Armor
24:20 Wheelbarrow
23:49 Husbandry
24:00 Bloodlines
25:50 Chain Barding Armor
26:24 Heavy Plow
29:05 Imperial Age
27:13 Hand Cart
27:21 Stone Mining
28:44 Forging
NoLamePlease
8:33 Feudal Age
12:28 Castle Age
10:23 Double-Bit Axe
10:19 Horse Collar
10:56 Gold Mining
14:25 Loom
17:19 Fletching
19:51 Padded Archer Armor
19:49 Bodkin Arrow
21:54 Wheelbarrow
21:55 Ballistics
21:40 Town Watch
23:41 Bow Saw
23:43 Padded Archer Armor
29:18 Imperial Age
27:26 Heavy Plow
28:35 Leather Archer Armor
Kingzito
7:58 Feudal Age
8:36 Double-Bit Axe
11:32 Castle Age
9:40 Double-Bit Axe
9:55 Horse Collar
12:43 Bow Saw
18:23 Wheelbarrow
18:17 Heavy Plow
18:49 Gold Mining
19:59 Hand Cart
19:41 Gold Mining
24:21 Imperial Age
21:38 Loom
21:59 Scale Barding Armor
22:05 Forging
22:34 Bloodlines
22:24 Husbandry
23:50 Chain Barding Armor
24:05 Treadmill Crane
26:08 Two-Man Saw
25:48 Plate Barding Armor
24:44 Elite Battle Elephant
26:36 Iron Casting
27:11 Chatras
BomBomB0
6:51 Feudal Age
7:36 Double-Bit Axe
7:32 Horse Collar
7:43 Gold Mining
7:48 Stone Mining
14:14 Castle Age
13:16 Forging
16:29 Wheelbarrow
21:07 Imperial Age
19:25 Bow Saw
18:51 Light Cavalry
20:13 Gold Shaft Mining
19:44 Husbandry
20:13 Heavy Plow
21:06 Stone Shaft Mining
21:32 Scale Barding Armor
22:03 Iron Casting
23:01 Bloodlines
23:46 Fletching
26:36 Ballistics
27:17 Chemistry
27:18 Blast Furnace
27:18 Hand Cart
26:49 Loom
27:30 Bodkin Arrow
29:11 Bracer
倉木華
7:13 Feudal Age
11:11 Castle Age
9:54 Double-Bit Axe
10:18 Horse Collar
12:35 Loom
17:34 Bow Saw
18:57 Wheelbarrow
18:46 Fletching
19:49 Heavy Plow
21:41 Hand Cart
21:56 Town Watch
22:03 Gold Mining
22:04 Stone Mining
24:54 Imperial Age
23:01 Husbandry
23:00 Bodkin Arrow
24:08 Gold Shaft Mining
24:15 Padded Archer Armor
24:27 Bloodlines
25:40 Bracer
26:41 Elite Mangudai
29:28 Chemistry
28:44 Leather Archer Armor
KaLong
7:48 Feudal Age
12:10 Castle Age
10:14 Double-Bit Axe
11:25 Horse Collar
12:59 Loom
13:29 Bow Saw
14:31 Wheelbarrow
19:25 Hand Cart
20:06 Gold Mining
21:22 Gold Shaft Mining
24:53 Imperial Age
24:08 Scale Barding Armor
24:14 Forging
24:31 Caravan
25:04 Bloodlines
25:15 Chain Barding Armor
25:44 Husbandry
26:20 Iron Casting
26:06 Heavy Camel Rider
28:13 Plate Barding Armor
JunkDogJoe
7:20 Feudal Age
10:49 Castle Age
9:15 Horse Collar
9:24 Double-Bit Axe
11:52 Bow Saw
11:36 Horse Collar
13:04 Horse Collar
21:10 Wheelbarrow
21:44 Loom
25:40 Imperial Age
24:31 Bloodlines
24:21 Husbandry
24:28 Scale Barding Armor
24:33 Forging
24:46 Fortified Wall
25:00 Heavy Plow
25:30 Pikeman
26:31 Chain Barding Armor
26:22 Forging
26:24 Scale Mail Armor
26:59 Caravan
27:51 Squires
27:36 Gambesons
28:23 Gold Mining
Connection lost

Rejoining the realm…

Still unreachable

The connection could not be restored.

Session expired

The server has moved on; the page needs a fresh start.